TOP OF THE 1ST |
Lancaster Farmers batting - Pitching for Belvedere Park Rawhides : LHP Eric Patnode
|
Pitching: LHP Eric Patnode
|
|
Batting: RHB Fernando Castro
|
0-0: Ground out 6-3 (Groundball, 6M)
|
Batting: RHB Adrian Smith
|
0-0: SINGLE (Line Drive, 8LS)
|
Batting: LHB Dave Burns
|
0-0: Ball 1-0: Called Strike 1-1: Ball 2-1: Foul Ball, location: 2F 2-2: Ball 3-2: DOUBLE (Flyball, 8RM) Adrian Smith to third
|
Batting: RHB Jason Ruffin
|
0-0: Ball 1-0: Ground out 6-3 (Groundball, 6M) Adrian Smith scores Dave Burns to third
|
Batting: RHB Bennett Bates
|
0-0: Ball 1-0: Called Strike 1-1: Foul Ball, location: 2F 1-2: Fly out, F2 (Popup, 25F)
|
Top of the 1st over - 1 run(s), 2 hit(s), 0 error(s), 1 left on base; Lancaster 1 - Belvedere Park 0 |
BOTTOM OF THE 1ST |
Belvedere Park Rawhides batting - Pitching for Lancaster Farmers : RHP John Boyle
|
Pitching: RHP John Boyle
|
|
Batting: LHB Eugene Lawrence
|
0-0: Ball 1-0: Swinging Strike 1-1: Called Strike 1-2: Foul Ball, location: 2F 1-2: Foul Ball, location: 2F 1-2: Strikes out swinging
|
Batting: SHB Jason Alexander
|
0-0: Ball 1-0: SOLO HOME RUN (Flyball, 9D), Distance : 376 ft
|
Batting: RHB Ralph McKnight
|
0-0: Swinging Strike 0-1: Swinging Strike 0-2: Fly out, F6 (Line Drive, 6)
|
Batting: RHB Danny Penn
|
0-0: Ball 1-0: Called Strike 1-1: Fly out, F3 (Popup, 3F)
|
Bottom of the 1st over - 1 run(s), 1 hit(s), 0 error(s), 0 left on base; Lancaster 1 - Belvedere Park 1 |
TOP OF THE 2ND |
Lancaster Farmers batting - Pitching for Belvedere Park Rawhides : LHP Eric Patnode
|
Batting: RHB Ray John
|
0-0: Foul Ball, location: 2F 0-1: Ball 1-1: Foul Ball, location: 2F 1-2: Foul Ball, location: 2F 1-2: SINGLE (Flyball, 89S)
|
Batting: RHB Jack Sloan
|
0-0: Foul Ball, location: 2F 0-1: Ball 1-1: Ball 2-1: Swinging Strike 2-2: Foul Ball, location: 2F 2-2: Strikes out looking
|
Batting: RHB Chuck Wolf
|
0-0: Foul Ball, location: 2F 0-1: Ball 1-1: SINGLE (Popup, 89S) Ray John to second Runner from 2nd tries for 3rd, SAFE, throw made to third
|
Batting: LHB Rob Wilson
|
0-0: Swinging Strike 0-1: Ball 1-1: DOUBLE (Line Drive, 78M) Ray John scores Chuck Wolf to third Runner from 3rd tries for Home, SAFE, no throw or cutoff
|
Batting: RHB Fernando Castro
|
0-0: Swinging Strike 0-1: Foul Ball, location: 2F 0-2: Foul Ball, location: 2F 0-2: Foul Ball, location: 2F 0-2: Foul Ball, location: 2F 0-2: Ball 1-2: Foul Ball, location: 2F 1-2: Ground out 5-3 (Groundball, 5L)
|
Batting: RHB Adrian Smith
|
0-0: Called Strike 0-1: Swinging Strike 0-2: Ball 1-2: Foul Ball, location: 2F 1-2: Ball 2-2: 2-RUN HOME RUN (Line Drive, 78XD), Distance : 432 ft
|
Batting: LHB Dave Burns
|
0-0: Called Strike 0-1: Ball 1-1: Ball 2-1: Foul Ball, location: 2F 2-2: SINGLE (Groundball, 56) (infield hit)
|
Batting: RHB Jason Ruffin
|
0-0: Called Strike 0-1: Ground out 1-3 (Groundball, 3S)
|
Top of the 2nd over - 4 run(s), 5 hit(s), 0 error(s), 1 left on base; Lancaster 5 - Belvedere Park 1 |
BOTTOM OF THE 2ND |
Belvedere Park Rawhides batting - Pitching for Lancaster Farmers : RHP John Boyle
|
Batting: RHB Michael Taylor
|
0-0: Ball 1-0: Ground out 6-3 (Groundball, 6)
|
Batting: LHB Clark Espinosa
|
0-0: Ball 1-0: Ball 2-0: Ball 3-0: Called Strike 3-1: Swinging Strike 3-2: Strikes out swinging
|
Batting: RHB Gary Perkins
|
0-0: Called Strike 0-1: Foul Ball, location: 2F 0-2: Ball 1-2: Fly out, F9 (Flyball, 9S)
|
Bottom of the 2nd over - 0 run(s), 0 hit(s), 0 error(s), 0 left on base; Lancaster 5 - Belvedere Park 1 |
TOP OF THE 3RD |
Lancaster Farmers batting - Pitching for Belvedere Park Rawhides : LHP Eric Patnode
|
Batting: RHB Bennett Bates
|
0-0: Ball 1-0: Foul Ball, location: 2F 1-1: Ground out 1-3 (Groundball, 23)
|
Batting: RHB Ray John
|
0-0: Ball 1-0: Ball 2-0: Ball 3-0: Called Strike 3-1: Fly out, F9 (Flyball, 89S)
|
Batting: RHB Jack Sloan
|
0-0: Called Strike 0-1: Called Strike 0-2: Ball 1-2: Strikes out swinging
|
Top of the 3rd over - 0 run(s), 0 hit(s), 0 error(s), 0 left on base; Lancaster 5 - Belvedere Park 1 |
BOTTOM OF THE 3RD |
Belvedere Park Rawhides batting - Pitching for Lancaster Farmers : RHP John Boyle
|
Batting: RHB Pedro Jiménez
|
0-0: Ball 1-0: Swinging Strike 1-1: Swinging Strike 1-2: Ball 2-2: Strikes out looking
|
Batting: RHB Marlon Cummins
|
0-0: Called Strike 0-1: Swinging Strike 0-2: Ball 1-2: Ball 2-2: Strikes out looking
|
Batting: LHB Eugene Lawrence
|
0-0: Ball 1-0: Swinging Strike 1-1: Swinging Strike 1-2: Strikes out swinging
|
Bottom of the 3rd over - 0 run(s), 0 hit(s), 0 error(s), 0 left on base; Lancaster 5 - Belvedere Park 1 |
TOP OF THE 4TH |
Lancaster Farmers batting - Pitching for Belvedere Park Rawhides : LHP Eric Patnode
|
Batting: RHB Chuck Wolf
|
0-0: Ball 1-0: Called Strike 1-1: Fly out, F8 (Popup, 8RS)
|
Batting: LHB Rob Wilson
|
0-0: Ball 1-0: Ball 2-0: Ball 3-0: Base on Balls
|
Batting: RHB Fernando Castro
|
0-0: Ball 1-0: Ball 2-0: Ball 3-0: Base on Balls Rob Wilson to second
|
Batting: RHB Adrian Smith
|
0-0: Ball 1-0: Fly out, F8 (Popup, 6D)
|
Batting: LHB Dave Burns
|
0-0: Ball 1-0: TRIPLE (Line Drive, 89M) Rob Wilson scores Fernando Castro scores
|
Pitching: RHP Dave Baker
|
|
Batting: RHB Jason Ruffin
|
0-0: Foul Ball, location: 2F 0-1: Called Strike 0-2: Foul Ball, location: 2F 0-2: Ball 1-2: Foul Ball, location: 2F 1-2: Strikes out swinging
|
Top of the 4th over - 2 run(s), 1 hit(s), 0 error(s), 1 left on base; Lancaster 7 - Belvedere Park 1 |
BOTTOM OF THE 4TH |
Belvedere Park Rawhides batting - Pitching for Lancaster Farmers : RHP John Boyle
|
Batting: SHB Jason Alexander
|
0-0: Called Strike 0-1: Foul Ball, location: 2F 0-2: Ball 1-2: SOLO HOME RUN (Flyball, 9D), Distance : 376 ft
|
Batting: RHB Ralph McKnight
|
0-0: Ball 1-0: Ball 2-0: Called Strike 2-1: Swinging Strike 2-2: Strikes out looking
|
Batting: RHB Danny Penn
|
0-0: Called Strike 0-1: Foul Ball, location: 2F 0-2: Foul Ball, location: 2F 0-2: Ball 1-2: Foul Ball, location: 2F 1-2: Strikes out looking
|
Batting: RHB Michael Taylor
|
0-0: Called Strike 0-1: Ball 1-1: Ball 2-1: Swinging Strike 2-2: Foul Ball, location: 2F 2-2: Ball 3-2: Strikes out swinging
|
Bottom of the 4th over - 1 run(s), 1 hit(s), 0 error(s), 0 left on base; Lancaster 7 - Belvedere Park 2 |
TOP OF THE 5TH |
Lancaster Farmers batting - Pitching for Belvedere Park Rawhides : RHP Dave Baker
|
Batting: RHB Bennett Bates
|
0-0: Swinging Strike 0-1: Ball 1-1: Called Strike 1-2: Ball 2-2: Foul Ball, location: 2F 2-2: SOLO HOME RUN (Line Drive, 7LD), Distance : 384 ft
|
Batting: RHB Ray John
|
0-0: SINGLE (Flyball, 9LS)
|
Batting: RHB Jack Sloan
|
0-0: Ball 1-0: DOUBLE (Line Drive, 8LXD) Ray John to third Runner from 3rd tries for Home, SAFE, throw made home
|
Batting: RHB Chuck Wolf
|
0-0: Ball 1-0: Ball 2-0: Called Strike 2-1: Foul Ball, location: 2F 2-2: Strikes out swinging
|
Batting: LHB Rob Wilson
|
0-0: Ball 1-0: Ball 2-0: Called Strike 2-1: DOUBLE (Line Drive, 9LS) Jack Sloan scores
|
Batting: RHB Fernando Castro
|
0-0: Ball 1-0: Ball 2-0: Foul Ball, location: 2F 2-1: Called Strike 2-2: Foul Ball, location: 2F 2-2: Strikes out swinging
|
Batting: RHB Adrian Smith
|
0-0: SINGLE (Line Drive, 78M) Rob Wilson to third Runner from 3rd tries for Home, SAFE, no throw or cutoff
|
Pitching: RHP Paul Abbott
|
|
Batting: LHB Dave Burns
|
0-0: Ball 1-0: Ball 2-0: Ball 3-0: Base on Balls Adrian Smith to second
|
Batting: RHB Jason Ruffin
|
0-0: Called Strike 0-1: Ball 1-1: Called Strike 1-2: Ball Wild Pitch! Adrian Smith to third Dave Burns to second 2-2: Ball Wild Pitch! Adrian Smith scores Dave Burns to third 3-2: Base on Balls
|
Batting: RHB Bennett Bates
|
0-0: Called Strike 0-1: Called Strike 0-2: Strikes out swinging
|
Top of the 5th over - 5 run(s), 5 hit(s), 0 error(s), 2 left on base; Lancaster 12 - Belvedere Park 2 |
BOTTOM OF THE 5TH |
Belvedere Park Rawhides batting - Pitching for Lancaster Farmers : RHP John Boyle
|
Batting: LHB Clark Espinosa
|
0-0: Ball 1-0: Ground out 6-3 (Groundball, 6S)
|
Batting: RHB Gary Perkins
|
0-0: Ball 1-0: Swinging Strike 1-1: Ball 2-1: Ball 3-1: Foul Ball, location: 2F 3-2: Foul Ball, location: 2F 3-2: Strikes out swinging
|
Batting: RHB Pedro Jiménez
|
0-0: Ball 1-0: Foul Ball, location: 2F 1-1: Foul Ball, location: 2F 1-2: Foul Ball, location: 2F 1-2: Strikes out swinging
|
Bottom of the 5th over - 0 run(s), 0 hit(s), 0 error(s), 0 left on base; Lancaster 12 - Belvedere Park 2 |
TOP OF THE 6TH |
Lancaster Farmers batting - Pitching for Belvedere Park Rawhides : RHP Paul Abbott
|
Batting: RHB Ray John
|
0-0: Called Strike 0-1: Ball 1-1: Ball 2-1: Ball 3-1: Base on Balls
|
Batting: RHB Jack Sloan
|
0-0: Ball 1-0: Foul Ball, location: 2F 1-1: Ball 2-1: Foul Ball, location: 2F 2-2: DOUBLE (Flyball, 7M) Ray John to third
|
Batting: RHB Chuck Wolf
|
0-0: Ball 1-0: Ball 2-0: Ball 3-0: Called Strike 3-1: Foul Ball, location: 2F 3-2: Base on Balls
|
Batting: LHB Rob Wilson
|
0-0: Ball 1-0: Called Strike 1-1: Ball 2-1: Called Strike 2-2: Ball 3-2: SINGLE (Groundball, 6MD) Ray John scores Jack Sloan to third Chuck Wolf to second
|
Batting: RHB Fernando Castro
|
0-0: SINGLE (Line Drive, 7LM) Jack Sloan scores Chuck Wolf to third Rob Wilson to second
|
Batting: RHB Adrian Smith
|
0-0: Foul Ball, location: 2F 0-1: Swinging Strike 0-2: Ball 1-2: Ball 2-2: Foul Ball, location: 2F 2-2: Ground out 5-3 (Groundball, 5S) Chuck Wolf scores Rob Wilson to third Fernando Castro to second
|
Pitching: LHP Steve Pérez
|
|
Batting: LHB Dave Burns
|
0-0: Foul Ball, location: 2F 0-1: Ball 1-1: Ball 2-1: Ball 3-1: Foul Ball, location: 2F 3-2: Foul Ball, location: 2F 3-2: Strikes out swinging
|
Batting: RHB Jason Ruffin
|
0-0: Called Strike 0-1: Ball 1-1: Ball 2-1: Ball 3-1: Base on Balls
|
Batting: RHB Bennett Bates
|
0-0: Ball 1-0: Ball 2-0: Fly out, F9 (Flyball, 9M)
|
Top of the 6th over - 3 run(s), 3 hit(s), 0 error(s), 3 left on base; Lancaster 15 - Belvedere Park 2 |
BOTTOM OF THE 6TH |
Belvedere Park Rawhides batting - Pitching for Lancaster Farmers : RHP John Boyle
|
Batting: RHB Marlon Cummins
|
0-0: Called Strike 0-1: Ball 1-1: Ball 2-1: Called Strike 2-2: Foul Ball, location: 2F 2-2: Strikes out swinging
|
Batting: LHB Eugene Lawrence
|
0-0: Swinging Strike 0-1: Hit by Pitch
|
Batting: SHB Jason Alexander
|
0-0: Ball 1-0: Ball 2-0: Foul Ball, location: 2F 2-1: Ball 3-1: Base on Balls Eugene Lawrence to second
|
Batting: RHB Ralph McKnight
|
0-0: Ball 1-0: Called Strike 1-1: Ball 2-1: Swinging Strike 2-2: Foul Ball, location: 2F 2-2: Strikes out swinging
|
Batting: RHB Danny Penn
|
0-0: SINGLE (Groundball, 56) Eugene Lawrence to third Jason Alexander to second Runner from 3rd tries for Home, SAFE, no throw or cutoff
|
Batting: RHB Michael Taylor
|
0-0: Ball 1-0: Called Strike 1-1: Called Strike 1-2: Ball 2-2: Foul Ball, location: 2F 2-2: Foul Ball, location: 2F 2-2: Foul Ball, location: 2F 2-2: Ball 3-2: Base on Balls Jason Alexander to third Danny Penn to second
|
Pitching: RHP Ted Thompson
|
|
Batting: LHB Clark Espinosa
|
0-0: Called Strike 0-1: Foul Ball, location: 2F 0-2: Strikes out swinging
|
Bottom of the 6th over - 1 run(s), 1 hit(s), 0 error(s), 3 left on base; Lancaster 15 - Belvedere Park 3 |
TOP OF THE 7TH |
Lancaster Farmers batting - Pitching for Belvedere Park Rawhides : LHP Steve Pérez
|
Batting: RHB Ray John
|
0-0: Ball 1-0: Ball 2-0: Ball 3-0: Base on Balls
|
Batting: RHB Jack Sloan
|
0-0: Ball 1-0: Called Strike 1-1: Swinging Strike 1-2: Ball 2-2: Fly out, F8 (Flyball, 8RM)
|
Batting: RHB Chuck Wolf
|
0-0: Called Strike 0-1: Ball 1-1: Foul Ball, location: 2F 1-2: Strikes out swinging
|
Batting: LHB Rob Wilson
|
0-0: Fly out, F9 (Flyball, 9M)
|
Top of the 7th over - 0 run(s), 0 hit(s), 0 error(s), 1 left on base; Lancaster 15 - Belvedere Park 3 |
BOTTOM OF THE 7TH |
Belvedere Park Rawhides batting - Pitching for Lancaster Farmers : RHP Ted Thompson
|
Now in CF: Michael Hart
|
|
Batting: RHB Gary Perkins
|
0-0: Ball 1-0: Foul Ball, location: 2F 1-1: Ball 2-1: Called Strike 2-2: Ball 3-2: Strikes out swinging
|
Pitching: LHP Cristóbal Méndez
|
|
Batting: RHB Pedro Jiménez
|
0-0: Fly out, F6 (Popup, 6S)
|
Batting: RHB Marlon Cummins
|
0-0: Foul Ball, location: 2F 0-1: Ball 1-1: Swinging Strike 1-2: Ball 2-2: Strikes out swinging
|
Bottom of the 7th over - 0 run(s), 0 hit(s), 0 error(s), 0 left on base; Lancaster 15 - Belvedere Park 3 |
TOP OF THE 8TH |
Lancaster Farmers batting - Pitching for Belvedere Park Rawhides : LHP Steve Pérez
|
Batting: RHB Fernando Castro
|
0-0: Ball 1-0: Foul Ball, location: 2F 1-1: Fly out, F5 (Line Drive, 56)
|
Pitching: RHP Manny Ledesma
|
|
Batting: RHB Adrian Smith
|
0-0: Called Strike 0-1: Ball 1-1: Ball 2-1: SINGLE (Groundball, 4MD)
|
Batting: RHB Michael Hart
|
0-0: Ball 1-0: Swinging Strike 1-1: Called Strike 1-2: Foul Ball, location: 2F 1-2: Ball 2-2: Strikes out swinging
|
Batting: RHB Jason Ruffin
|
0-0: Fly out, F5 (Popup, 5SF)
|
Top of the 8th over - 0 run(s), 1 hit(s), 0 error(s), 1 left on base; Lancaster 15 - Belvedere Park 3 |
BOTTOM OF THE 8TH |
Belvedere Park Rawhides batting - Pitching for Lancaster Farmers : LHP Cristóbal Méndez
|
Batting: LHB Eugene Lawrence
|
0-0: Called Strike 0-1: Bunted foul 0-2: Fly out, F4 (Popup, 8LS)
|
Batting: SHB Jason Alexander
|
0-0: Ball 1-0: Ball 2-0: Foul Ball, location: 2F 2-1: Foul Ball, location: 2F 2-2: Foul Ball, location: 2F 2-2: Ball 3-2: Base on Balls
|
Batting: RHB Ralph McKnight
|
0-0: Ball 1-0: Called Strike 1-1: Swinging Strike 1-2: Ball 2-2: Strikes out swinging
|
Batting: RHB Danny Penn
|
0-0: Called Strike 0-1: Ball 1-1: Ball 2-1: SINGLE (Groundball, 6MD) (infield hit) Jason Alexander to second
|
Batting: RHB Michael Taylor
|
0-0: Ball 1-0: Ball 2-0: Fielders Choice at 2nd, U6 (Groundball, 6M)
|
Bottom of the 8th over - 0 run(s), 1 hit(s), 0 error(s), 2 left on base; Lancaster 15 - Belvedere Park 3 |
TOP OF THE 9TH |
Lancaster Farmers batting - Pitching for Belvedere Park Rawhides : RHP Manny Ledesma
|
Batting: RHB Bennett Bates
|
0-0: SOLO HOME RUN (Line Drive, 7D), Distance : 410 ft
|
Pinch Hitting: LHB Jim Unknown
|
0-0: Ball 1-0: Foul Ball, location: 2F 1-1: Ball 2-1: Ball 3-1: Called Strike 3-2: Foul Ball, location: 2F 3-2: SINGLE (Line Drive, 6MD)
|
Batting: RHB Jack Sloan
|
0-0: Ball 1-0: Called Strike 1-1: Swinging Strike 1-2: Foul Ball, location: 2F 1-2: Strikes out swinging
|
Batting: RHB Chuck Wolf
|
0-0: Foul Ball, location: 2F 0-1: Called Strike 0-2: Ball 1-2: Ball 2-2: Ball 3-2: Base on Balls Jim Unknown to second
|
Pinch Hitting: RHB John Howell
|
0-0: Ball 1-0: Fly out, F8 (Flyball, 78M)
|
Batting: RHB Fernando Castro
|
0-0: Ball 1-0: Swinging Strike 1-1: Swinging Strike 1-2: Ball 2-2: Foul Ball, location: 2F 2-2: Foul Ball, location: 2F Balk! Jim Unknown to third Chuck Wolf to second 2-2: Strikes out swinging
|
Top of the 9th over - 1 run(s), 2 hit(s), 0 error(s), 2 left on base; Lancaster 16 - Belvedere Park 3 |
BOTTOM OF THE 9TH |
Belvedere Park Rawhides batting - Pitching for Lancaster Farmers : LHP Cristóbal Méndez
|
Now in CF: Jim Unknown
|
|
Now in RF: John Howell
|
|
Pinch Hitting: SHB Phil Moore
|
0-0: Ball 1-0: Ball 2-0: Called Strike 2-1: Fly out, F8 (Flyball, 8RM)
|
Batting: RHB Gary Perkins
|
0-0: Ball 1-0: Ball 2-0: Ball 3-0: Called Strike 3-1: Ground out 4-3 (Groundball, 4M)
|
Batting: RHB Pedro Jiménez
|
0-0: Ball 1-0: Foul Ball, location: 2F 1-1: Foul Ball, location: 2F 1-2: Ball 2-2: Ball 3-2: Base on Balls
|
Pinch Hitting: SHB Jared Robinson
|
0-0: Called Strike 0-1: Foul Ball, location: 2F 0-2: Ground out 6-3 (Groundball, 6)
|
Bottom of the 9th over - 0 run(s), 0 hit(s), 0 error(s), 1 left on base; Lancaster 16 - Belvedere Park 3 |
|